AoeStats
← Jack Sparrow

African Clearing

510339681Analyzed
4v4 RM · 20h ago on Sep 30, 2026· 43m 54s· 8 players
Game mode
Random Map
Map size
Large (8 player)
Population
200
Speed
Normal
Resources
Standard
Victory
Conquest
Starting age
Dark Age
Ending age
Imperial Age
RankedLock teamsTeams togetherTeam positionsShared explorationLock speedFull tech treeHidden civsTurbo modeCheats
Victory
Defeat
🇨🇳 Berbers · China
1075
+17
🇩🇪 Georgians · Germany
1057
+17
🇦🇷 Poles · Argentina
1045
+18
🇹🇷 Celts · Türkiye
1028
+19
🇨🇳 Lithuanians · China
1249
-25
🇨🇳 Berbers · China
1166
-21
🇨🇳 Bohemians · China
1009
-14
🇨🇳 Spanish · China
921
-11
Gangolf Eierschmalz
5:14 Loom
14:12 Feudal Age
14:58 Double-Bit Axe
19:59 Castle Age
19:42 Bloodlines
21:31 Bow Saw
22:55 Horse Collar
26:07 Heavy Plow
32:27 Light Cavalry
33:09 Husbandry
36:30 Imperial Age
33:47 Town Watch
37:21 Scale Barding Armor
37:27 Forging
38:25 Chain Barding Armor
41:33 Scale Mail Armor
41:56 Hussar
43:55 Town Patrol
44:31 Wheelbarrow
Jack Sparrow
4:55 Loom
15:18 Feudal Age
19:29 Castle Age
18:36 Double-Bit Axe
26:30 Wheelbarrow
25:40 Town Watch
26:30 Wheelbarrow
29:42 Stone Mining
29:44 Gold Mining
30:13 Forging
30:03 Scale Mail Armor
29:56 Fletching
30:41 Bow Saw
33:22 Imperial Age
32:05 Hand Cart
31:55 Horse Collar
34:44 Heavy Plow
35:29 Iron Casting
35:09 Chain Mail Armor
34:51 Bodkin Arrow
34:59 Capped Ram
35:28 Elite Woad Raider
39:08 Blast Furnace
38:38 Plate Mail Armor
40:10 Plate Mail Armor
41:12 Conscription
40:40 Siege Ram
JuaNCaBj
3:40 Loom
13:34 Feudal Age
20:47 Castle Age
18:49 Double-Bit Axe
18:46 Horse Collar
19:39 Gold Mining
19:41 Stone Mining
19:52 Stone Mining
21:56 Bow Saw
21:48 Heavy Plow
25:04 Wheelbarrow
27:04 Hand Cart
32:24 Imperial Age
32:20 Szlachta Privileges
32:34 Cavalier
33:28 Bloodlines
33:20 Husbandry
33:53 Conscription
34:24 Crop Rotation
35:45 Scale Barding Armor
36:10 Forging
40:02 Iron Casting
40:05 Chain Barding Armor
41:38 Padded Archer Armor
41:30 Fletching
43:04 Leather Archer Armor
42:51 Squires
42:14 Elite Obuch
44:09 Hoardings
43:35 Bodkin Arrow
43:26 Arson
43:45 Scale Mail Armor
130农在出兵
13:03 Feudal Age
16:57 Castle Age
14:56 Double-Bit Axe
17:40 Loom
23:41 Fishing Lines
24:35 Horse Collar
26:49 Gillnets
29:00 Heavy Plow
29:13 Bow Saw
29:57 Wheelbarrow
29:57 Ballistics
29:49 Padded Archer Armor
29:41 Fletching
31:13 Hand Cart
35:54 Imperial Age
34:04 Leather Archer Armor
33:45 Bodkin Arrow
33:33 Treadmill Crane
33:47 Gold Mining
33:47 Stone Mining
34:51 Kasbah
35:43 Gold Shaft Mining
35:43 Stone Shaft Mining
35:21 Husbandry
35:31 Bloodlines
36:11 Town Watch
36:38 Scale Barding Armor
37:00 Conscription
36:02 Elite Camel Archer
36:46 Maghrebi Camels
37:57 Chemistry
37:00 Bracer
37:58 Hoardings
39:37 Ring Archer Armor
41:22 Forging
41:32 Chain Barding Armor
41:19 Town Patrol
43:47 Siege Engineers
43:39 Murder Holes
ydyk123
7:25 Loom
9:53 Loom
16:18 Feudal Age
16:51 Double-Bit Axe
21:12 Castle Age
19:35 Horse Collar
22:28 Bow Saw
32:48 Imperial Age
31:11 Wheelbarrow
30:26 Pikeman
31:06 Squires
32:52 Squires
33:53 Chemistry
33:22 Forging
33:12 Scale Mail Armor
32:52 Halberdier
36:29 Heavy Plow
37:44 Hand Cart
37:01 Elite Skirmisher
38:10 Fletching
38:20 Padded Archer Armor
43:59 Bodkin Arrow
44:19 Leather Archer Armor
胡塞武装
13:10 Loom
15:24 Feudal Age
15:54 Double-Bit Axe
21:19 Castle Age
22:56 Bow Saw
22:42 Stone Mining
22:45 Gold Mining
啊超
14:54 Feudal Age
14:49 Loom
19:56 Castle Age
19:09 Horse Collar
22:14 Bloodlines
22:23 Double-Bit Axe
28:48 Fletching
29:25 Ballistics
33:45 Bodkin Arrow
33:51 Padded Archer Armor
37:59 Imperial Age
35:50 Gold Mining
37:48 Husbandry
38:08 Leather Archer Armor
38:35 Elite Camel Archer
40:17 Chemistry
39:39 Maghrebi Camels
39:45 Bracer
41:09 Forging
41:05 Scale Barding Armor
41:21 Heavy Camel Rider
LY
3:28 Loom
13:53 Feudal Age
18:33 Castle Age
17:31 Double-Bit Axe
17:40 Stone Mining
18:42 Horse Collar
19:44 Town Watch
23:08 Fervor
29:14 Wheelbarrow
29:07 Heavy Plow
34:32 Imperial Age
32:06 Fletching
32:30 Bloodlines
33:05 Gold Mining
33:28 Forging
33:38 Husbandry
34:26 Stone Shaft Mining
35:23 Iron Casting
35:33 Scale Barding Armor
35:58 Conscription
36:38 Chain Barding Armor
36:16 Bodkin Arrow
37:58 Plate Barding Armor
38:15 Hand Cart
38:15 Bow Saw
38:40 Crop Rotation
39:33 Chemistry
40:56 Ballistics
40:37 Padded Archer Armor
40:39 Bracer
40:22 Elite Leitis
41:20 Thumb Ring
40:38 Elite Genitour
43:19 Leather Archer Armor
43:12 Hill Forts
Connection lost

Rejoining the realm…

Still unreachable

The connection could not be restored.

Session expired

The server has moved on; the page needs a fresh start.